 Dungeon Crawl Stone Soup version 0.25.0-1-g7eea58d2a3 (webtiles) character file.

Game seed: 22515999356812984

133723 xccam the Severer (level 16, -31/155 HPs)
             Began as a Minotaur Berserker on June 13, 2020.
             Was the Champion of Trog.
             Killed from afar by Jorgrun (32 damage)
             ... with an iron shot
             ... while petrified by Jorgrun
             ... on level 2 of the Swamp.
             The game lasted 00:57:14 (27898 turns).

xccam the Severer (Minotaur Berserker)             Turns: 27898, Time: 00:57:14

Health: -31/155    AC: 17    Str: 27    XL:     16   Next: 60%
Magic:  15/15      EV: -1    Int:  5    God:    Trog [******]
Gold:   1130       SH:  0    Dex: 11    Spells: 15/15 levels left

rFire    + . .     SeeInvis .   b - +7 war axe of Uxaamo {elec, *Corrode rPois rC+ rN+}
rCold    + + .     Gourm    .   K - +0 kite shield {reflect}
rNeg     + + +     Faith    .   V - +3 chain mail {rF+}
rPois    ∞         Spirit   .   A - +2 hat
rElec    .         Reflect  +   r - +2 cloak
rCorr    +         Harm     .   Y - +1 pair of gloves
MR       +++..                  R - +2 pair of boots
Stlth    ..........             i - amulet of the acrobat
HPRegen  1.35/turn              X - ring of protection from cold
MPRegen  0.14/turn              o - ring of resist corrosion

@: petrified, grasped by roots, corroded, berserk cooldown, very slightly
contaminated, regenerating, slowed, constricted
A: retaliatory headbutt, horns 2
a: Berserk, Trog's Hand, Brothers in Arms, Renounce Religion


You were on level 2 of the Swamp.
You worshipped Trog.
Trog was exalted by your worship.
You were near starving.

You visited 4 branches of the dungeon, and saw 25 of its levels.
You also visited: Sewer and Ice Cave.

You collected 2677 gold pieces.
You spent 1547 gold pieces at shops.

Inventory:

Hand Weapons
 a - the +1 war axe of Pueffewa {flame, rPois}
   (You found it on level 7 of the Dungeon)

   It has been specially enchanted to burn those struck by it, causing extra
   injury to most foes and up to half again as much damage against particularly
   susceptible opponents.
   Big, fiery blades are also staple armaments of hydra-hunters.
   It protects you from poison.
 b - the +7 war axe of Uxaamo (weapon) {elec, *Corrode rPois rC+ rN+}
   (You found it on level 2 of the Lair of Beasts)

   Occasionally, upon striking a foe, it will discharge some electrical energy
   and cause terrible harm.
   It protects you from cold.
   It protects you from poison.
   It protects you from negative energy.
   It may corrode you when you take damage.
 B - a +8 battleaxe
 C - a +0 broad axe
 P - a +7 executioner's axe of flaming
Armour
 r - a +2 cloak (worn)
 w - the +1 plate armour of Narcissism {rC+ rN+ MR-}
   (You bought it in a shop on level 2 of the Orcish Mines)

   It protects you from cold.
   It protects you from negative energy.
   It affects your resistance to hostile enchantments.
 A - a +2 hat (worn)
 K - a +0 kite shield of reflection (worn)
 R - a +2 pair of boots (worn)
 U - a +1 plate armour of cold resistance
 V - a +3 chain mail of fire resistance (worn)
 Y - a +1 pair of gloves (worn)
Jewellery
 i - an amulet of the acrobat (around neck)
 o - a ring of resist corrosion (right hand)
 I - an uncursed amulet of reflection
 Q - an uncursed ring of fire
 W - an uncursed ring of protection from magic
 X - a ring of protection from cold (left hand)
Wands
 f - a wand of iceblast (15)
 u - a wand of disintegration (12)
 y - a wand of clouds (9)
 L - a wand of flame (36)
 O - a wand of enslavement (11)
 S - a wand of acid (7)
Scrolls
 d - 13 scrolls of teleportation
 e - 15 scrolls of remove curse
 g - a scroll of identify
 j - 6 scrolls of fear
 l - a scroll of vulnerability
 m - 2 scrolls of fog
 q - 3 scrolls of enchant armour
 s - a scroll of torment
 v - a scroll of summoning {unknown}
 z - 5 scrolls of blinking
 H - 3 scrolls of enchant weapon
 J - 3 scrolls of immolation
 N - 2 scrolls of acquirement
Potions
 h - 3 potions of lignification
 k - 6 potions of haste
 n - 18 potions of curing
 p - 2 potions of resistance
 t - 9 potions of might
 x - 4 potions of heal wounds
 D - a potion of invisibility
 E - a potion of ambrosia
 F - 3 potions of cancellation
 G - 6 potions of flight
Comestibles
 c - 41 rations


   Skills:
 - Level 17.0 Fighting
 - Level 18.0 Axes
 - Level 17.0 Armour
 - Level 15.6 Dodging
 + Level 7.0 Shields


You had 15 spell levels left.
You didn't know any spells.
Your spell library was empty.

Dungeon Overview and Level Annotations

Branches:
Dungeon (15/15)            Temple (0/1) D:5            Lair (6/6) D:8
  Swamp (2/4) Lair:4        Snake (0/4) Lair:3        Slime (0/5) Lair:5
    Orc (2/2) D:12            Elf (0/3) Orc:2        Vaults (0/5) D:13
 Depths (0/5) D:15          Sewer (visited)           IceCv (visited)

Altars:
Ashenzari
Elyvilon
Fedhas
Hepliaklqana
Kikubaaqudgha
Okawaru
Ru
Sif Muna
Uskayaw
Vehumet
Wu Jian
Xom
Beogh
Jiyva

Shops:
D:4 *   D:5 }   D:7 (!?=!   D:8 *(   Orc:1 :[%[%   Orc:2 :[:!

Portals:
Trove: D:11 (give 2 scrolls of acquirement)

Annotations:
Swamp:2 Jorgrun


Innate Abilities, Weirdness & Mutations

You reflexively headbutt those who attack you in melee.
You have a pair of horns on your head.


Message History

The eight-headed hydra bites you.
* * * LOW HITPOINT WARNING * * *
The eight-headed hydra bites you but does no damage. x3
The eight-headed hydra bites you.
* * * LOW HITPOINT WARNING * * *
The eight-headed hydra bites you but does no damage.
Jorgrun hits you with a +0 vorpal quarterstaff!
* * * LOW HITPOINT WARNING * * *
x3 The grasping roots constrict you.
The slime creature hits you but does no damage.
The eight-headed hydra bites you!
* * * LOW HITPOINT WARNING * * *
The eight-headed hydra bites you but does no damage. x2
The eight-headed hydra bites you!
* * * LOW HITPOINT WARNING * * *
The eight-headed hydra bites you but does no damage. x4
Two slime creatures merge to form a large slime creature.
Jorgrun points at you and mumbles some strange words.
The iron shot hits you!!!
You die...

♣♣♣♣♣ .≈..♣
♣♣♣..♣♣♣♣♣♣♣♣ ...≈♣
♣♣..≈≈≈..J@.≈♣ ≈.♣♣♣
♣≈≈≈≈≈≈..gD≈.♣ §.♣♣
.≈≈≈≈≈.w....♣ ≈.≈♣
♣≈..≈≈.....♣♣
≈≈.♣♣♣♣♣...≈≈≈>...≈
≈≈.§.≈♣..≈...♣♣..≈.≈
≈≈...≈...≈<≈♣ .≈≈..≈
.....§≈g§..♣♣
≈≈≈§≈≈.
..........≈♣♣.≈


You could see Jorgrun, an eight-headed hydra, a large slime creature and a swamp
worm.

Vanquished Creatures
  Rupert (D:13)
  Donald (Swamp:1)
  The ghost of Ricegish the Blocker, an adept GnFi of Okawaru (Swamp:1)
  Gastronok (D:8)
  A thorn hunter (Swamp:1)
  A juggernaut skeleton (D:15)
  A stone giant (D:8)
  Josephine (D:13)
  A fire dragon (Lair:6)
  7 vault guards (D:13)
  11 hydras
  7 two-headed ogres
  A catoblepas (Lair:4)
  2 centaur warriors
  2 alligators (Swamp:1)
  2 ogre magi (Orc:2)
  A dancing weapon (Swamp:1)
  10 death yaks
  A vampire mage (D:15)
  An orc high priest (Orc:1)
  A spriggan (Swamp:1)
  A fire crab (Lair:5)
  6 skeletal warriors
  4 unseen horrors
  An orc knight (Orc:2)
  A lindwurm (Lair:6)
  2 necromancers
  A wolf spider zombie (D:10)
  9 orc sorcerers (Orc:2)
  6 ugly things
  7 cyclopes
  2 manticores
  2 deep elf magi
  The ghost of Asparus the Sneak, a novice OpFE (D:5)
  11 black mambas
  10 spiny frogs
  2 molten gargoyles (Lair:6)
  3 ice statues (IceCv)
  31 elephants
  A torpor snail (Lair:6)
  2 gargoyles
  2 yaktaur zombies (D:15)
  3 rime drakes
  A tengu conjurer (D:13)
  12 komodo dragons
  7 ice devils
  3 efreet (D:15)
  7 polar bears
  A queen bee (Lair:4)
  A hornet (Swamp:1)
  3 meliai (Lair:4)
  7 trolls
  25 slime creatures
  3 tyrant leeches (Swamp:1)
  2 dream sheep (Lair:6)
  24 blink frogs
  3 bog bodies (Swamp:1)
  6 hippogriffs
  A centaur simulacrum (D:15)
  A human (D:7)
  7 wraiths
  5 wyverns
  4 hogs (D:7)
  26 yaks
  6 basilisks
  2 hungry ghosts
  Grum (Lair:1)
  3 steam dragons
  6 vampire mosquitoes
  2 nagas (Lair:3)
  3 swamp worms (Swamp:1)
  An acid dragon (D:13)
  A soldier ant (D:12)
  9 wargs
  3 hell hounds (Lair:6)
  12 water moccasins
  Duvessa (D:6)
  A tengu skeleton (D:15)
  11 porcupines
  26 orc warriors
  2 swamp drakes (Swamp:1)
  13 ice beasts
  9 sky beasts
  6 black bears (Lair:2)
  2 phantoms
  2 eyes of draining (D:9)
  15 ogres
  2 necrophages (D:11)
  9 wolves
  4 centaurs
  6 crocodiles
  2 big kobolds
  Blork the orc (D:4)
  19 bullfrogs
  2 gnoll sergeants
  2 wyvern skeletons
  A hornet simulacrum (D:15)
  6 scorpions
  Dowan (D:6)
  A water moccasin skeleton (D:8)
  37 killer bees
  14 wights
  An electric eel (D:15)
  7 howler monkeys
  5 lava snakes (Lair:6)
  7 crimson imps
  A draconian simulacrum (IceCv)
  4 centaur zombies
  7 hounds
  4 jellies
  37 orc wizards
  3 centaur skeletons
  24 orc priests
  2 bullfrog skeletons
  5 iguanas
  Ijyb (D:4)
  Terence (D:2)
  Natasha (thrice) (D:4)
  3 hell rats (Lair:4)
  8 worker ants
  3 spriggan simulacra (IceCv)
  3 troll simulacra (IceCv)
  A killer bee zombie (D:9)
  3 hound skeletons
  2 worker ant zombies
  16 gnolls
  4 river rats
  14 adders
  A hound simulacrum (D:8)
  2 naga simulacra (IceCv)
  An ogre simulacrum (IceCv)
  4 shadow imps
  8 white imps (D:15)
  2 ufetubi (D:15)
  3 oozes
  2 adder skeletons
  3 worms
  2 dart slugs (D:1)
  8 leopard geckos
  128 orcs
  7 giant cockroaches
  3 goblins
  11 hobgoblins
  21 jackals
  33 kobolds
  3 quokkas
  6 ball pythons
  6 bats
  5 frilled lizards
  3 quokka skeletons
  24 rats
  4 fungi
  6 plants
  A withered plant (D:15)
1022 creatures vanquished.

Vanquished Creatures (collateral kills)
  A death knight (D:11)
1 creature vanquished.

Vanquished Creatures (others)
  A centaur simulacrum (D:15)
  A white imp (D:15)
  An orc (Orc:2)
  5 fungi
  7 plants
  A withered plant (D:15)
16 creatures vanquished.

Grand Total: 1039 creatures vanquished

Notes
Turn   | Place    | Note
-------+----------+-------------------------------------------
     0 | D:1      | xccam the Minotaur Berserker began the quest for the Orb.
     0 | D:1      | Reached XP level 1. HP: 19/19 MP: 0/0
   250 | D:1      | Reached skill level 4 in Axes
   563 | D:1      | Reached XP level 2. HP: 26/26 MP: 1/1
  1003 | D:2      | Noticed Terence
  1004 | D:2      | You fall into a shaft and drop 2 floors!
  1011 | D:4      | Reached skill level 5 in Axes
  1013 | D:4      | Reached ** piety under Trog
  1013 | D:4      | Reached XP level 3. HP: 31/31 MP: 2/2
  1027 | D:4      | Noticed an ogre
  1033 | D:4      | Killed an ogre
  1033 | D:4      | Reached skill level 6 in Axes
  1033 | D:4      | Reached XP level 4. HP: 39/39 MP: 3/3
  1034 | D:4      | Reached skill level 7 in Axes
  1034 | D:4      | Reached XP level 5. HP: 45/45 MP: 4/4
  1806 | D:3      | Reached skill level 8 in Axes
  1988 | D:3      | Reached XP level 6. HP: 35/52 MP: 5/5
  2412 | D:3      | Reached *** piety under Trog
  2818 | D:2      | Found a radiant altar of Vehumet.
  3015 | D:2      | Found a shattered altar of Ashenzari.
  3081 | D:2      | Killed Terence
  3416 | D:4      | Noticed Natasha
  3423 | D:4      | Killed Natasha
  3423 | D:4      | Reached XP level 7. HP: 52/59 MP: 6/6
  3450 | D:4      | Found Itzoejez's General Store.
  3453 | D:4      | Bought a scroll of teleportation for 39 gold pieces
  3453 | D:4      | Bought a potion of curing for 39 gold pieces
  3459 | D:4      | Noticed Blork the orc
  3468 | D:4      | Killed Blork the orc
  3558 | D:4      | Noticed Natasha
  3566 | D:4      | Killed Natasha
  3621 | D:4      | Found a white marble altar of Elyvilon.
  3634 | D:4      | Noticed Ijyb
  3647 | D:4      | Killed Ijyb
  3682 | D:4      | Noticed Natasha
  3689 | D:4      | Killed Natasha
  3867 | D:5      | Entered Level 5 of the Dungeon
  3877 | D:5      | Found a sacrificial altar of Ru.
  3931 | D:5      | Found a glowing drain.
  3948 | Sewer    | Entered a sewer
  4129 | Sewer    | Reached **** piety under Trog
  4528 | D:5      | Reached skill level 5 in Armour
  4554 | D:5      | Found Guggy's Gadget Shoppe.
  4953 | D:5      | Reached skill level 5 in Dodging
  5143 | D:5      | Found a runed translucent gate.
  5143 | D:5      | Found a runed translucent gate.
  5145 | D:5      | Found a runed translucent gate.
  5146 | D:5      | Noticed Asparus's ghost (novice OpFE)
  5147 | D:5      | Identified the +0 scale mail "Vefiw" {rElec Regen+ Int-5
                  | Dex+6}
  5149 | D:5      | Found a roughly hewn altar of Beogh.
  5163 | D:5      | Reached ***** piety under Trog
  5189 | D:5      | Killed Asparus's ghost
  5189 | D:5      | Reached skill level 5 in Fighting
  5189 | D:5      | Reached skill level 9 in Axes
  5189 | D:5      | Reached XP level 8. HP: 50/70 MP: 7/7
  5322 | D:5      | Found a staircase to the Ecumenical Temple.
  6176 | D:6      | Reached skill level 10 in Axes
  6397 | D:6      | Found a blossoming altar of Fedhas.
  6641 | D:6      | Noticed Dowan
  6648 | D:6      | Reached XP level 9. HP: 51/79 MP: 8/8
  6652 | D:6      | Killed Dowan
  6652 | D:6      | Noticed Duvessa
  6662 | D:6      | Killed Duvessa
  7234 | D:7      | Reached skill level 11 in Axes
  7256 | D:7      | Found Teninge's Magic Scroll Emporium.
  7264 | D:7      | Bought a scroll of teleportation for 39 gold pieces
  7264 | D:7      | Bought a scroll of identify for 26 gold pieces
  7297 | D:7      | Found Linioc's Distillery.
  7303 | D:7      | Bought a potion of heal wounds for 60 gold pieces
  7309 | D:7      | Found Adarghor's Jewellery Emporium.
  7325 | D:7      | Found a shimmering blue altar of Sif Muna.
  7356 | D:7      | Got a crude war axe
  7357 | D:7      | Identified the +1 war axe of Pueffewa {flame, rPois} (You
                  | found it on level 7 of the Dungeon)
  7430 | D:7      | Found Fukkehur's Distillery.
  7499 | D:7      | Found Pohoyd's Antique Weapon Emporium.
  7568 | D:7      | Received a gift from Trog
  7955 | D:8      | Found a staircase to the Lair.
  8060 | D:8      | Found Diarph Nygi's General Store.
  8084 | D:8      | Found Pucatuca's Weapon Boutique.
  8103 | D:8      | Reached XP level 10. HP: 90/90 MP: 9/9
  8130 | D:8      | Reached skill level 12 in Axes
  8310 | D:8      | Found a roughly hewn altar of Beogh.
  8474 | D:8      | Found a hide-covered altar of Uskayaw.
  8517 | D:8      | Noticed Gastronok
  8531 | D:8      | Killed Gastronok
  8730 | D:8      | Reached skill level 13 in Axes
  8883 | D:8      | Found a white marble altar of Elyvilon.
  8883 | D:8      | Found a shattered altar of Ashenzari.
  8884 | D:8      | Noticed a stone giant
  8928 | D:8      | Killed a stone giant
  8928 | D:8      | Reached skill level 10 in Armour
  8928 | D:8      | Reached XP level 11. HP: 95/95 MP: 10/10
  9115 | D:8      | Noticed a two-headed ogre
  9124 | D:8      | Killed a two-headed ogre
  9385 | D:9      | Received a gift from Trog
  9601 | D:9      | Found an ornate altar of the Wu Jian Council.
  9602 | D:9      | Noticed a two-headed ogre
  9609 | D:9      | Killed a two-headed ogre
  9625 | D:9      | Found an iron altar of Okawaru.
  9909 | D:9      | Reached skill level 10 in Dodging
 10324 | D:10     | Entered Level 10 of the Dungeon
 10342 | D:10     | Reached skill level 14 in Axes
 10409 | D:10     | Noticed a two-headed ogre
 10412 | D:10     | Killed a two-headed ogre
 11032 | D:11     | Reached XP level 12. HP: 87/103 MP: 11/11
 11172 | D:11     | Found a portal to a secret trove of treasure.
 11371 | D:11     | Reached ****** piety under Trog
 11627 | D:11     | Noticed a death knight
 11636 | D:11     | Killed a death knight
 12215 | D:12     | Found the +6 shillelagh "Devastator" {shatter}
 12313 | D:12     | Reached skill level 15 in Axes
 12379 | D:12     | Noticed a two-headed ogre
 12383 | D:12     | Found a staircase to the Orcish Mines.
 13020 | D:12     | Killed a two-headed ogre
 13452 | D:13     | Noticed Josephine
 13461 | D:13     | Killed Josephine
 13478 | D:13     | Noticed a vault guard
 13478 | D:13     | Noticed a vault guard
 13480 | D:13     | Noticed a vault guard
 13498 | D:13     | Killed a vault guard
 13498 | D:13     | Reached skill level 16 in Axes
 13499 | D:13     | Killed a vault guard
 13499 | D:13     | Reached XP level 13. HP: 113/113 MP: 12/12
 13503 | D:13     | Reached skill level 10 in Fighting
 13882 | D:13     | Found a gate to the Vaults.
 13921 | D:13     | Noticed Rupert
 13937 | D:13     | Killed Rupert
 14361 | D:13     | Reached skill level 17 in Axes
 15050 | D:14     | Received a gift from Trog
 16551 | D:15     | Entered Level 15 of the Dungeon
 16632 | D:15     | Found a frozen archway.
 16642 | D:15     | Reached skill level 1 in Shields
 16642 | D:15     | Reached XP level 14. HP: 78/129 MP: 13/13
 16656 | IceCv    | Entered an ice cave
 17693 | D:15     | Reached skill level 5 in Shields
 17722 | D:15     | Reached skill level 18 in Axes
 17770 | D:15     | Received a gift from Trog
 17943 | D:15     | Found a staircase to the Depths.
 18891 | Lair:1   | Entered Level 1 of the Lair of Beasts
 19196 | Lair:1   | Noticed Grum
 19210 | Lair:1   | Killed Grum
 19629 | Lair:1   | Identified 2 scrolls of acquirement
 19795 | Lair:2   | Got a faintly glowing war axe
 19796 | Lair:2   | Identified the +7 war axe of Uxaamo {elec, *Corrode rPois
                  | rC+ rN+} (You found it on level 2 of the Lair of Beasts)
 20055 | Lair:2   | You fall into a shaft and drop 2 floors!
 20073 | Lair:4   | Found a staircase to the Swamp.
 20100 | Lair:4   | Received a gift from Trog
 21118 | Lair:5   | Found a viscous altar of Jiyva.
 21118 | Lair:5   | Found a staircase to the Slime Pits.
 21138 | Lair:5   | Reached XP level 15. HP: 139/139 MP: 14/14
 21295 | Lair:5   | Found a sacrificial altar of Ru.
 21372 | Lair:5   | Reached skill level 15 in Fighting
 21379 | Lair:5   | Received a gift from Trog
 21384 | Lair:5   | Got a glimmering war axe {god gift}
 21385 | Lair:5   | Identified the +7 war axe of Zaumoaps {vorpal, Dex+3} (Trog
                  | gifted it to you on level 5 of the Lair of Beasts)
 21432 | Lair:5   | Reached skill level 15 in Armour
 21805 | Lair:6   | Entered Level 6 of the Lair of Beasts
 22544 | Lair:6   | Found a large runed translucent door.
 22883 | Lair:6   | Found a large runed translucent door.
 23198 | Lair:3   | Found an ancient bone altar of Kikubaaqudgha.
 23405 | Lair:3   | You fall into a shaft and drop 3 floors!
 23542 | Lair:3   | Found a staircase to the Snake Pit.
 23718 | Lair:3   | Reached XP level 16. HP: 151/151 MP: 15/15
 23720 | Lair:3   | Received a gift from Trog
 24456 | Lair:2   | Reached skill level 15 in Dodging
 25144 | Orc:1    | Entered Level 1 of the Orcish Mines
 25144 | Orc:1    | Found Memi's Armour Boutique.
 25156 | Orc:1    | Found Ixonuplo's Food Shop.
 25389 | Orc:1    | Found Zadwo's Book Shop.
 25482 | Orc:2    | Entered Level 2 of the Orcish Mines
 25570 | Orc:2    | Found a shimmering altar of Xom.
 25887 | Orc:1    | Found Amonnoph's Antique Armour Boutique.
 25898 | Orc:1    | Found Vemyul's Food Emporium.
 26019 | Orc:2    | Found a staircase to the Elven Halls.
 26199 | Orc:2    | Found Yjump's Book Boutique.
 26208 | Orc:2    | Received a gift from Trog
 26213 | Orc:2    | Found Diworob's Book Shop.
 26255 | Orc:2    | Found an ancient bone altar of Kikubaaqudgha.
 26340 | Orc:2    | Found a radiant altar of Vehumet.
 26340 | Orc:2    | Paralysed by an orc sorcerer for 3 turns
 26389 | Orc:2    | Found a roughly hewn altar of Beogh.
 26389 | Orc:2    | Found Nigoyl's Distillery.
 26403 | Orc:2    | Found Zeacazut's Antique Armour Boutique.
 26473 | Orc:2    | Bought a heavily runed plate armour for 1008 gold pieces
 26483 | Orc:2    | Identified the cursed +1 plate armour of Narcissism {rC+
                  | rN+ MR-} (You bought it in a shop on level 2 of the Orcish
                  | Mines)
 26503 | Orc:2    | Bought a potion of might for 48 gold pieces
 26503 | Orc:2    | Bought a potion of curing for 36 gold pieces
 26503 | Orc:2    | Bought a potion of haste for 120 gold pieces
 26503 | Orc:2    | Bought a potion of curing for 36 gold pieces
 26503 | Orc:2    | Bought a potion of invisibility for 96 gold pieces
 26814 | Swamp:1  | Entered Level 1 of the Swamp
 26861 | Swamp:1  | Found a hazy altar of Hepliaklqana.
 27256 | Swamp:1  | Noticed a thorn hunter
 27264 | Swamp:1  | Killed a thorn hunter
 27354 | Swamp:1  | Noticed Donald
 27360 | Swamp:1  | Killed Donald
 27613 | Swamp:1  | Found a runed translucent door.
 27614 | Swamp:1  | Found a shimmering altar of Xom.
 27614 | Swamp:1  | Noticed Ricegish's ghost (adept GnFi)
 27649 | Swamp:1  | Killed Ricegish's ghost
 27649 | Swamp:1  | Paralysed by a +3 quarterstaff of chaos for 5 turns
 27854 | Swamp:1  | You fall into a shaft and drop 1 floor!
 27860 | Swamp:2  | Noticed Jorgrun
 27887 | Swamp:2  | HP: 4/155 [Jorgrun/+0 vorpal quarterstaff (9)]
 27887 | Swamp:2  | HP: 1/155 [eight-headed hydra (2)]
 27898 | Swamp:2  | HP: 6/155 [eight-headed hydra (5)]
 27898 | Swamp:2  | HP: 1/155 [eight-headed hydra (5)]
 27898 | Swamp:2  | Killed from afar by Jorgrun

Illustrated notes

Levels and vault maps discovered:
D:1:      psy_arrival_conway, layout_basic, feat_on_display
D:2:      layout_basic, vehumet_crystals, old_standard_altar, uniq_terence
D:3:      layout_basic, first_ration
D:4:      layout_cave_pools, elyvilon_altar_3, serial_shops,
          nicolae_shop_behind_doors, uniq_blork_the_orc, uniq_ijyb, uniq_natasha
D:5:      layout_basic, minmay_temple_entry_overgrown, serial_shops, shop_coins,
          biasface_ghost_orc_armoury, basic_altar, portal_sewer_entry_d
D:6:      layout_cave_pools, fedhas_bush_and_centaur_altar, uniq_duvessa
D:7:      layout_loops_ring, kennysheep_mini, serial_shops, shop, shop,
          nicolae_shop_overgrown_old_shop, shop, shop, grunt_livestock
D:8:      kennysheep_six_static_rooms, layout_loops_ring,
          eat_drink_and_be_merry_uskayaw, serial_shops, shop, shop, special_room
          [special_room_orc], jmf_multi_god_temple, uniq_gastronok
D:9:      layout_cave_pods, minitemple
D:10:     layout_roguey
D:11:     layout_irregular_city, nicolae_trove_entry_crystal
D:12:     cheibrodos_ideogram_h, layout_irregular_city, orc_0_dummy,
          nrook_loot_triangle, minmay_misc_feat_hallway
D:13:     layout_layer_cave, erik_vaults_2, uniq_rupert, uniq_josephine
D:14:     layout_long_grid
D:15:     gammafunk_depths_entry_grave, layout_basic, serial_ice, serial_ice_m,
          serial_ice_d, serial_ice_h, serial_ice_k, serial_ice_g, serial_ice_o,
          serial_ice_b, serial_ice_c, serial_ice_a, serial_ice_f,
          portal_ice_cave_demonic_guard, chequers_jeans
Lair:1:   layout_chaotic_city, grunt_megastairs_3, uniq_grum
Lair:2:   beast_lair_carwin_large_3, layout_cellular_growth,
          cheibrodos_lair_reptile_den, lemuel_fruit_tree
Lair:3:   layout_hall_layers, guppyfry_snake_entry_garden, basic_altar,
          nzn_random_ring, serial_bayou_shore_b
Lair:4:   regret_index_bee_streams, layout_misc_corridors, swamp_mist,
          gauntlet_entry_generic, infiniplex_staircase_pool_2
Lair:5:   layout_misc_corridors, dpeg_slime_entry_enclosed_altar, basic_altar,
          grunt_megastairs_5
Lair:6:   cheibrodos_lair_end_hotspot, layout_misc_corridors
Swamp:1:  layout_falls_marsh, ebering_ghost_xom, lemuel_altar_in_water,
          swamp_pool1, uniq_donald
Swamp:2:  layout_basic_swamp, gammafunk_ghost_berserking_beasts,
          evilmike_swamp_ruin_house_1, uniq_roxanne, uniq_jorgrun
Orc:1:    layout_caves, serial_shops, shop,
          nicolae_shop_temple_entry_statues_fountains, nicolae_shop_trees,
          nicolae_shop_crystal, nicolae_shop_stone
Orc:2:    kennysheep_orc_mage_school, layout_diamond_mine, basic_altar

Skill      XL: |  1  2  3  4  5  6  7  8  9 10 11 12 13 14 15 16 |
---------------+-------------------------------------------------+-----
Axes           | 4 5 6 7 8 9 10 11 13 14 16 17 18 | 18.0
Fighting       | 4 5 7 8 9 13 14 16 17 | 17.0
Armour         | 3 6 7 10 11 13 14 16 17 | 17.0
Dodging        | 3 5 6 9 10 12 13 14 15 | 15.6
Shields        | 1 5 7 |  7.0

Action                   |  1- 3 |  4- 6 |  7- 9 | 10-12 | 13-15 | 16-18 || total
-------------------------+-------+-------+-------+-------+-------+-------++-------
Melee: Hand axe          |    34 |   182 |   196 |       |       |       ||   412
       Headbutt          |     6 |    26 |    64 |   139 |   318 |    80 ||   633
       War axe           |       |       |    90 |   490 |  1208 |   368 ||  2156
       Broad axe         |       |       |    40 |       |       |       ||    40
       Battleaxe         |       |       |       |    11 |       |       ||    11
Invok: Berserk           |     1 |     3 |     7 |    11 |     5 |     3 ||    30
       Trog's Hand       |       |     3 |     5 |    10 |    14 |     6 ||    38
       Brothers in Arms  |       |       |       |     1 |       |       ||     1
  Use: Scroll            |       |       |    13 |     5 |     9 |     7 ||    34
       Potion            |       |       |       |     2 |       |     2 ||     4
 Stab: Invisible         |       |       |       |       |       |     1 ||     1
  Eat: Chunk             |       |    12 |    17 |    24 |    33 |    17 ||   103
       Ration            |       |       |     2 |     3 |     3 |       ||     8
Armor: Animal skin       |     4 |     7 |       |       |       |       ||    11
       Leather armour    |       |    30 |       |       |       |       ||    30
       Chain mail        |       |     3 |   164 |   182 |   313 |   163 ||   825
       Plate armour      |       |       |       |       |    89 |       ||    89
Dodge: Dodged            |    22 |    83 |   151 |   270 |   514 |   160 ||  1200
Block: Other             |       |       |       |       |    26 |       ||    26
       Buckler           |       |       |       |       |   351 |   101 ||   452
       Reflection        |       |       |       |       |     8 |     8 ||    16
       Kite shield       |       |       |       |       |       |    21 ||    21
